 Dungeon Crawl Stone Soup version 0.31.0-11-ge490571c62 (webtiles) character file.

Game seed: 7625664878607303199

4642 qw the Nimble (level 10, 0/49 HPs)
             Began as a Spriggan Hunter on Feb 4, 2024.
             Was a Believer of Okawaru.
             Slain by a yak (3 damage)
             ... on level 1 of the Lair of Beasts.
             The game lasted 00:00:35 (6574 turns).

qw the Nimble (Spriggan Hunter)                     Turns: 6574, Time: 00:00:35

Health: 0/49       AC:  8    Str:  7    XL:     10   Next: 20%
Magic:  14/14      EV: 25    Int: 11    God:    Okawaru [**....]
Gold:   71         SH:  0    Dex: 23    Spells: 9/9 levels left

rFire   . . .        g - +1 orcbow (freeze)
rCold   . . .        (shield currently unavailable)
rNeg    . . .        r - +0 acid dragon scales
rPois   .            (helmet restricted)
rElec   .            b - +1 cloak
rCorr   +            (gloves unavailable)
SInv    +            (boots unavailable)
Will    ++...        (no amulet)
Stlth   ++           f - ring of willpower
HPRegen 0.28/turn    (no ring)
MPRegen 0.14/turn

%: no passive effects
@: about to teleport, hasted, very quick
A: very small, no large weapons, unfitting armour, see invisible, speed 3
a: Renounce Religion, Heroism


You were on level 1 of the Lair of Beasts.
You worshipped Okawaru.
Okawaru was pleased with you.
You visited 3 branches of the dungeon, and saw 10 of its levels.

You collected 488 gold pieces.
You spent 417 gold pieces at shops.


Innate Abilities, Weirdness & Mutations

You are very small and have problems with some larger weapons.
You are too small for most types of armour.
You have supernaturally acute eyesight. (SInv)
You cover ground extremely quickly. (Speed+++)


   Skills:
 - Level 4.0 Fighting
 + Level 11.0 Ranged Weapons
 - Level 2.3 Armour
 - Level 11.2 Dodging
 - Level 1.5 Stealth
 - Level 4.0 Invocations


You had 9 spell levels left.
You didn't know any spells.
Your spell library was empty.

Inventory:

Hand Weapons
 g - a +1 orcbow of freezing (weapon)
Armour
 b - a +1 cloak (worn)
 r - +0 acid dragon scales (worn)
Jewellery
 f - a ring of willpower (left hand)
Wands
 n - a wand of charming (5)
 t - a wand of acid (3)
Scrolls
 j - a scroll of teleportation
Potions
 a - a potion of enlightenment
 e - 3 potions of might
 h - a potion of mutation
 k - a potion of curing
 l - a potion of resistance {unknown}
 o - a potion of lignification {unknown}
 q - a potion of invisibility {unknown}

Dungeon Overview and Level Annotations

Branches:
Dungeon (8/15)             Temple (1/1) D:7            Lair (1/5) D:8

Altars:
Ashenzari
Cheibriados
Dithmenos
Elyvilon
Fedhas
Gozag
Hepliaklqana
Kikubaaqudgha
Makhleb
Nemelex Xobeh
Okawaru
Qazlal
Ru
Sif Muna
Trog
Uskayaw
Vehumet
Wu Jian
Xom
Yredelemnul
Zin
The Shining One

Shops:
D:7 *   D:8 !

Annotations:
D:4 1 runed translucent door, Crazy Yiuf
D:5 3 runed translucent doors, qw's ghost, novice SpHu
Lair:1 exclusion: yak


Message History

You shoot an arrow. The arrow hits the yak!
The arrow freezes the yak.
You kill the yak!
Okawaru accepts your kill. The yak completely misses you.
Your Ranged Weapons skill increases to level 11!
You shoot an arrow.
The arrow hits the steam dragon but does no damage.
The yak gores you. The yak completely misses you.
The steam dragon closely misses you. The steam dragon claws you.
The yak completely misses you.
You shoot an arrow.
The arrow closely misses the steam dragon.
The yak barely misses you. The yak completely misses you.
The steam dragon barely misses you. The steam dragon closely misses you.
The yak completely misses you.
You shoot an arrow. The arrow hits the steam dragon.
The arrow freezes the steam dragon.
The steam dragon is lightly wounded.
The yak misses you.
You shoot an arrow. The arrow hits the steam dragon!
The arrow freezes the steam dragon!
The steam dragon is almost dead.
The yak gores you. The steam dragon misses you. x2
The yak completely misses you.
You shoot an arrow.
The arrow closely misses the steam dragon.
The yak gores you. The yak closely misses you.
The steam dragon bites you but does no damage.
The steam dragon misses you. The yak completely misses you.
You shoot an arrow. The arrow hits the steam dragon!
The arrow freezes the steam dragon.
You kill the steam dragon!
Okawaru accepts your kill. The yak gores you! The yak completely misses you.
Your Dodging skill increases to level 11!
6574 ||| READING 2 scrolls of teleportation.
As you read the scroll of teleportation, it crumbles to dust.
You feel strangely unstable. The yak gores you.
You die...

...............
#...............
.................
..................
..................
................[.
.........YY.......
.........Y@.......
.........%..~.....
.......~~~~~~~....
......~~~~~~~~~...
.....~~~~~~~~~~...
......~~~%~.~~~.#.
.....~~~~.<.~~~.#
.....~~~~~~~~~~~..
.....~~~~~~~~~~...


You could see 3 yaks.

Vanquished Creatures
  A black mamba (Lair:1)
  2 cane toads (Lair:1)
  Sigmund (D:4)
  A shadow (D:8)
  A warg (D:8)
  2 steam dragons
  3 yaks (Lair:1)
  Edmund (D:6)
  An acid dragon (D:8)
  3 water moccasins (D:7)
  An ice beast (D:7)
  2 black bears
  2 wolves (D:8)
  A centaur (D:7)
  4 phantoms
  A bullfrog (D:8)
  2 scorpions
  5 wights (D:7)
  A jelly (D:8)
  A bombardier beetle (D:5)
  2 hounds (D:4)
  3 orc priests
  3 gnoll boudas
  2 iguanas
  6 orc wizards
  22 gnolls
  6 adders
  A white imp (D:4)
  2 ufetubi (D:6)
  2 dart slugs
  A ribbon worm (D:2)
  20 orcs
  3 ball pythons
  4 bats
  10 endoplasms
  3 giant cockroaches
  7 hobgoblins
  8 jackals
  3 quokkas
  3 frilled lizards
  6 goblins
  12 kobolds
  3 rats
168 creatures vanquished.

Notes
Turn   | Place    | Note
-------+----------+-------------------------------------------
     0 | D:1      | qw the Spriggan Hunter began the quest for the Orb.
     0 | D:1      | Reached XP level 1. HP: 10/10 MP: 2/2
     0 | D:1      | 0 ||| qw: Version: 0.3-a-160-g6735b56
     0 | D:1      | 0 ||| qw: Game counter: 5796
     0 | D:1      | 0 ||| qw: Melee chars always use a shield: true
     0 | D:1      | 0 ||| qw: God list: Okawaru
     0 | D:1      | 0 ||| qw: Allow faded altars: false
     0 | D:1      | 0 ||| qw: Do Orc after clearing Dungeon:15 true
     0 | D:1      | 0 ||| qw: Do second Lair branch before Depths: true
     0 | D:1      | 0 ||| qw: Lair rune preference: random
     0 | D:1      | 0 ||| qw: Goals: Normal
     0 | D:1      | 0 ||| PLANNING D:1-11
    38 | D:1      | Reached skill level 3 in Dodging
   160 | D:1      | Reached XP level 2. HP: 14/14 MP: 3/3
   461 | D:1      | Reached XP level 3. HP: 18/18 MP: 4/4
   749 | D:1      | 749 ||| READING 2 scrolls labelled WAGATA XOSAK.
   749 | D:1      | 749 ||| ENCHANTING +0 shortbow.
   750 | D:1      | 750 ||| READING scroll of enchant weapon.
   750 | D:1      | 750 ||| ENCHANTING +1 shortbow.
   751 | D:1      | 751 ||| READING 2 scrolls labelled WESUIZ VIKHLAOD.
   752 | D:1      | 752 ||| READING scroll labelled JUDUTUC SICE.
   853 | D:1      | 853 ||| DROPPING scroll of butterflies.
   854 | D:1      | 854 ||| DROPPING scroll of immolation.
  1299 | D:2      | 1299 ||| UPGRADING to +0 cloak.
  1304 | D:2      | 1304 ||| UPGRADING to ring of willpower.
  1305 | D:2      | 1305 ||| READING 2 scrolls labelled EJAAKHUYME.
  1346 | D:3      | Noticed a phantom
  1360 | D:3      | Killed a phantom
  1361 | D:3      | Reached XP level 4. HP: 12/22 MP: 5/5
  1519 | D:3      | Reached XP level 5. HP: 25/25 MP: 6/6
  1714 | D:3      | Found an opulent altar of Gozag.
  1949 | D:3      | 1949 ||| READING scroll labelled XACIDGHIBONK.
  1950 | D:3      | 1950 ||| READING 3 scrolls labelled AXOEPS LOUSTO.
  1950 | D:3      | 1950 ||| IDENTIFYING viscous brown potion
  1951 | D:3      | 1951 ||| READING 2 scrolls of identify.
  1951 | D:3      | 1951 ||| IDENTIFYING amethyst potion
  1952 | D:3      | 1952 ||| READING scroll of identify.
  1952 | D:3      | 1952 ||| IDENTIFYING emerald potion
  1953 | D:3      | 1953 ||| READING 2 scrolls labelled ZYOLEO KOTSA.
  1954 | D:3      | 1954 ||| DRINKING 3 bubbling clear potions.
  1955 | D:3      | 1955 ||| DRINKING 2 pink potions.
  1956 | D:3      | 1956 ||| DROPPING potion of brilliance.
  1957 | D:3      | 1957 ||| DROPPING scroll of revelation.
  1959 | D:3      | 1959 ||| Stepping ~*~*~tactically~*~*~ (cloud).
  1960 | D:3      | 1960 ||| DRINKING potion of curing.
  1960 | D:3      | 1960 ||| (to cure poison)
  1962 | D:3      | 1962 ||| Stepping ~*~*~tactically~*~*~ (cloud).
  1967 | D:3      | HP: 6/25 [poisoned by you (poison gas)]
  2147 | D:4      | 2147 ||| READING scroll labelled ELYFOFYK YWKEGEADD.
  2168 | D:4      | 2168 ||| SWAPPING to +1 orcbow of flaming.
  2169 | D:4      | 2169 ||| DROPPING +2 shortbow.
  2232 | D:4      | Found a runed translucent door.
  2233 | D:4      | Noticed Crazy Yiuf
  2248 | D:4      | Noticed a black bear
  2249 | D:4      | 2249 ||| DRINKING potion of haste.
  2255 | D:4      | Reached skill level 6 in Ranged Weapons
  2260 | D:4      | 2260 ||| RETREEEEATING.
  2261 | D:4      | 2261 ||| RETREEEEATING.
  2266 | D:4      | Killed a black bear
  2267 | D:4      | Reached XP level 6. HP: 27/30 MP: 7/7
  2268 | D:4      | 2268 ||| FLEEEEING.
  2269 | D:4      | 2269 ||| FLEEEEING.
  2292 | D:4      | Reached skill level 6 in Dodging
  2530 | D:4      | Noticed Sigmund
  2534 | D:4      | 2534 ||| FLEEEEING.
  2535 | D:4      | 2535 ||| FLEEEEING.
  2537 | D:4      | Killed Sigmund
  2538 | D:4      | Reached XP level 7. HP: 30/35 MP: 8/8
  2877 | D:5      | Entered Level 5 of the Dungeon
  3119 | D:5      | 3119 ||| RETREEEEATING.
  3120 | D:5      | 3120 ||| RETREEEEATING.
  3212 | D:5      | Found a runed translucent gate.
  3221 | D:5      | Found a runed translucent gate.
  3221 | D:5      | Found a runed translucent gate.
  3227 | D:5      | Noticed qw's ghost (novice SpHu)
  3914 | D:5      | 3914 ||| READING scroll labelled FAMEBA QIPHOE.
  3914 | D:5      | 3914 ||| BRANDING +1 orcbow of flaming.
  3915 | D:5      | 3915 ||| DRINKING 2 lumpy golden potions.
  4053 | D:6      | Noticed Edmund
  4066 | D:6      | HP: 8/35 [Edmund/+2 flail of holy wrath (12)]
  4067 | D:6      | 4067 ||| READING 3 scrolls of teleportation.
  4068 | D:6      | 4068 ||| DRINKING 2 potions of heal wounds.
  4069 | D:6      | Killed Edmund
  4070 | D:6      | Reached skill level 3 in Fighting
  4070 | D:6      | Reached XP level 8. HP: 21/40 MP: 9/9
  4461 | D:6      | Reached skill level 9 in Ranged Weapons
  4868 | D:6      | 4868 ||| READING scroll labelled DOIXKYT XAOJ.
  4868 | D:6      | 4868 ||| ENCHANTING +0 cloak.
  4869 | D:6      | 4869 ||| READING scroll labelled LUFU HOEWUTEUC.
  4940 | D:7      | Reached skill level 9 in Dodging
  5207 | D:7      | Found a staircase to the Ecumenical Temple.
  5208 | D:7      | 5208 ||| PLANNING TEMPLE
  5216 | Temple   | Entered the Ecumenical Temple
  5217 | Temple   | 5217 ||| PLANNING OKAWARU WORSHIP
  5272 | Temple   | Became a worshipper of Warmaster Okawaru
  5273 | Temple   | 5273 ||| PLANNING D:1-11
  5360 | D:7      | Found Yjivosur's Assorted Antiques.
  5364 | D:7      | 5364 ||| BUYING blackened copper wand (104 gold).
  5364 | D:7      | Bought a blackened copper wand for 104 gold pieces
  5364 | D:7      | 5364 ||| BUYING glowing red potion (23 gold).
  5364 | D:7      | Bought a glowing red potion for 23 gold pieces
  5364 | D:7      | 5364 ||| BUYING scroll of identify (52 gold).
  5364 | D:7      | Bought a scroll of identify for 52 gold pieces
  5364 | D:7      | 5364 ||| BUYING scroll of teleportation (78 gold).
  5364 | D:7      | Bought a scroll of teleportation for 78 gold pieces
  5368 | D:7      | 5368 ||| RETREEEEATING.
  5378 | D:7      | HP: 8/39 [wight/+4 mace (7)]
  5379 | D:7      | 5379 ||| READING 3 scrolls of teleportation.
  5380 | D:7      | 5380 ||| DRINKING potion of heal wounds.
  5382 | D:7      | 5382 ||| RETREEEEATING.
  5383 | D:7      | 5383 ||| RETREEEEATING.
  5394 | D:7      | Reached XP level 9. HP: 18/44 MP: 10/10
  5403 | D:7      | HP: 11/44 [poisoned by a water moccasin]
  5572 | D:7      | Reached * piety under Okawaru
  5616 | D:7      | Reached skill level 1 in Invocations
  5885 | D:7      | 5885 ||| READING scroll of identify.
  5885 | D:7      | 5885 ||| IDENTIFYING grey potion
  5886 | D:7      | 5886 ||| READING scroll labelled RUMAOZEZURE.
  5887 | D:7      | 5887 ||| DROPPING wand of flame (12).
  5953 | D:8      | Reached skill level 3 in Invocations
  6047 | D:8      | Found a staircase to the Lair.
  6208 | D:8      | Identified the +5 long sword "Killer Klown's Death" {venom,
                  | Str+2}
  6253 | D:8      | Reached ** piety under Okawaru
  6312 | D:8      | Found Wishaz's Distillery.
  6315 | D:8      | 6315 ||| BUYING potion of haste (160 gold).
  6315 | D:8      | Bought a potion of haste for 160 gold pieces
  6315 | D:8      | 6315 ||| SHOPLISTING potion of heal wounds (80 gold, have
                  | 71).
  6315 | D:8      | 6315 ||| SHOPLISTING potion of resistance (160 gold, have
                  | 71).
  6443 | D:8      | 6443 ||| PLANNING LAIR
  6443 | D:8      | 6443 ||| UPGRADING to +0 acid dragon scales.
  6453 | D:8      | 6453 ||| DROPPING +0 robe.
  6454 | D:8      | 6454 ||| READING scroll of identify.
  6454 | D:8      | 6454 ||| IDENTIFYING yellow potion
  6455 | D:8      | 6455 ||| READING scroll labelled WIYSKOL KYTU.
  6456 | D:8      | 6456 ||| DRINKING 2 brown potions.
  6457 | D:8      | 6457 ||| DROPPING potion of attraction.
  6458 | D:8      | 6458 ||| DROPPING potion of ambrosia.
  6461 | Lair:1   | Entered Level 1 of the Lair of Beasts
  6461 | Lair:1   | Noticed a black mamba
  6462 | Lair:1   | 6462 ||| INVOKING Heroism.
  6468 | Lair:1   | Killed a black mamba
  6533 | Lair:1   | Noticed a cane toad
  6534 | Lair:1   | 6534 ||| INVOKING Heroism.
  6537 | Lair:1   | Noticed a cane toad
  6539 | Lair:1   | Killed a cane toad
  6550 | Lair:1   | 6550 ||| DRINKING potion of haste.
  6551 | Lair:1   | Killed a cane toad
  6552 | Lair:1   | Reached XP level 10. HP: 37/49 MP: 14/14
  6573 | Lair:1   | HP: 2/49 [yak (13)]
  6574 | Lair:1   | 6574 ||| READING 2 scrolls of teleportation.
  6574 | Lair:1   | Slain by a yak

Levels and vault maps discovered:
D:1:      pf_arrival_petrified_forest, layout_basic
D:2:      layout_rooms
D:3:      layout_basic, grunt_gozag_statues
D:4:      layout_basic, hangedman_feature_mirror, minmay_checkerbox,
          uniq_sigmund, uniq_crazy_yiuf_cottage
D:5:      layout_basic, gammafunk_ghost_necromancy
D:6:      layout_basic, uniq_edmund
D:7:      layout_loops_ring, minmay_temple_entry_gardened_gates, serial_shops,
          nicolae_shop_pleasant_corner_grove
D:8:      layout_rooms, erik_lair_orcish_takeover, serial_shops,
          kennysheep_mini_moat, nicolae_underground_beach
Temple:   mainiacjoe_temple_starburst
Lair:1:   layout_cave_pods, infiniplex_staircase_pool_2

Skill      XL: |  1  2  3  4  5  6  7  8  9 10 |
---------------+-------------------------------+-----
Dodging        | 3 4 5 6 8 9 10 11 | 11.2
Ranged Weapons | 5 6 7 8 10 11 | 11.0
Fighting       | 2 3 4 |  4.0
Invocations    | 4 |  4.0
Armour         | 2 |  2.3
Stealth        | |  1.5

Action                     |  1- 3 |  4- 6 |  7- 9 | 10-12 || total
---------------------------+-------+-------+-------+-------++-------
   Fire: Shortbow          |   112 |    44 |       |       ||   156
         Orcbow            |       |    51 |   307 |    22 ||   380
 Invoke: Heroism           |       |       |     2 |       ||     2
    Use: Scroll            |     5 |     6 |     9 |     1 ||    21
         Potion            |       |     4 |     5 |       ||     9
 Armour: Robe              |    12 |     7 |    51 |       ||    70
         Acid dragon scale |       |       |     3 |    12 ||    15
  Dodge: Dodged            |    50 |    34 |   214 |    34 ||   332

Table legend:
 A = Non-vault XP
 B = Vault XP
 C = Vault XP percentage of total XP
 D = Non-vault monster count
 E = Vault monster count
 F = Vault count percentage of total count
                 A         B        C        D         E       F
            +---------+---------+-------+---------+---------+-------
      Total |    5653 |     979 |  14.8 |     152 |      16 |   9.5
            +---------+---------+-------+---------+---------+-------
        D:1 |      47 |       0 |   0.0 |      27 |       0 |   0.0
        D:2 |      26 |       0 |   0.0 |      13 |       0 |   0.0
        D:3 |     184 |       0 |   0.0 |      17 |       0 |   0.0
        D:4 |     293 |     281 |  49.0 |      22 |       7 |  24.1
        D:5 |     466 |       0 |   0.0 |      17 |       0 |   0.0
        D:6 |     608 |     157 |  20.5 |      24 |       1 |   4.0
        D:7 |    1478 |       0 |   0.0 |      14 |       0 |   0.0
        D:8 |     544 |     541 |  49.9 |      11 |       8 |  42.1
     Lair:1 |    2007 |       0 |   0.0 |       7 |       0 |   0.0
            +---------+---------+-------+---------+---------+-------
